 Dungeon Crawl Stone Soup version 0.25-a0-578-gc91f01c39c (webtiles) character file.

Game seed: 16639621345645820000, levelgen mode: deterministic

2742 Aggronaut the Basher (level 9, -8/61 HPs)
             Began as a Demonspawn Gladiator on Mar 2, 2020.
             Was a Believer of Okawaru.
             Mangled by a red ugly thing (23 damage)
             ... on level 7 of the Dungeon on Mar 3, 2020.
             The game lasted 00:36:32 (8765 turns).

Aggronaut the Basher (Demonspawn Gladiator)         Turns: 8765, Time: 00:36:33

Health: -8/61      AC: 13    Str: 17    XL:     9   Next: 41%
Magic:  9/9        EV: 10    Int: 10    God:    Okawaru [**....]
Gold:   412        SH:  4    Dex: 15    Spells: 8/8 levels left

rFire    . . .     SeeInvis +   E - +0 whip (elec)
rCold    + + +     Gourm    .   (no shield)
rNeg     . . .     Faith    .   n - +0 ice dragon scales
rPois    +         Spirit   .   c - +0 helmet
rElec    +         Reflect  +   (no cloak)
rCorr    +         Harm     .   (no gloves)
MR       .....                  (no boots)
Stlth    +.........             a - +4 amulet of reflection
HPRegen  0.20/turn              o - ring of see invisible
MPRegen  0.11/turn              (no ring)

@: resistant
A: slimy green scales 2, nightstalker 1, rot immunity
a: Heroism, Renounce Religion


You were on level 7 of the Dungeon.
You worshipped Okawaru.
Okawaru was pleased with you.
You were hungry.

You visited 2 branches of the dungeon, and saw 8 of its levels.

You collected 412 gold pieces.

Inventory:

Hand Weapons
 k - a +0 whip of flaming
 E - a +0 whip of electrocution (weapon)
Missiles
 s - 2 throwing nets (quivered)
 t - 2 poisoned darts
Armour
 c - a +0 helmet (worn)
 n - +0 ice dragon scales (worn)
Jewellery
 a - a +4 amulet of reflection (around neck)
 o - a ring of see invisible (left hand)
Wands
 g - a wand of digging (6)
 q - a wand of random effects (12)
 u - a wand of enslavement (17)
 D - a wand of clouds (6)
Scrolls
 b - 6 scrolls of fog
 d - a scroll of torment {unknown}
 i - 3 scrolls of magic mapping
 l - 2 scrolls of immolation
 m - a scroll of enchant armour {unknown}
 p - 7 scrolls of remove curse
 w - a scroll of random uselessness {unknown}
 x - a scroll of summoning {unknown}
 y - 2 scrolls of teleportation
 B - a scroll of fear {unknown}
Potions
 e - a potion of stabbing
 h - a potion of curing
 j - 5 potions of brilliance
 r - 3 potions of lignification
 v - 2 potions of haste
 A - a potion of flight
 C - 2 potions of mutation
Comestibles
 f - 8 rations


   Skills:
 + Level 2.0 Fighting
 * Level 11.9 Maces & Flails
 - Level 1.7 Throwing
 - Level 2.6 Dodging


You had 8 spell levels left.
You didn't know any spells.
Your spell library contained the following spells:

 Spells                   Type           Power        Failure   Level  Hunger
 Beastly Appendage        Tmut           #.....       87%         1    ##.....
 Foxfire                  Conj/Fire      #...         87%         1    ##.....
 Sticks to Snakes         Tmut           #.......     95%         2    ###....
 Conjure Flame            Conj/Fire      #.......     99%         3    ####...
 Inner Flame              Hex/Fire       #.......     99%         3    ####...
 Spider Form              Tmut/Pois      #.........   99%         3    ####...
 Ice Form                 Ice/Tmut       #.......     100%        4    #####..
 Sticky Flame             Conj/Fire      #.......     100%        4    #####..
 Blade Hands              Tmut           #.........   100%        5    ######.
 Fireball                 Conj/Fire      #.........   100%        5    ######.


Dungeon Overview and Level Annotations

Branches:
Dungeon (7/15)             Temple (1/1) D:5

Altars:
Ashenzari
Cheibriados
Dithmenos
Elyvilon
Fedhas
Gozag
Hepliaklqana
Kikubaaqudgha
Makhleb
Nemelex Xobeh
Okawaru
Qazlal
Ru
Sif Muna
Trog
Uskayaw
Vehumet
Wu Jian
Xom
Yredelemnul
Zin
The Shining One

Shops:
D:4 =


Innate Abilities, Weirdness & Mutations

You are mostly covered in slimy green scales. (AC +3)
You are slightly more attuned to the shadows.
You are immune to rotting.


Message History

The red ugly thing tentacle-slaps you but does no damage.
You closely miss the red ugly thing.
The red ugly thing is heavily wounded.
You closely miss the red ugly thing.
The red ugly thing is heavily wounded.
You block the red ugly thing's attack.
You hit the red ugly thing.
The red ugly thing is heavily wounded.
You hit the red ugly thing but do no damage.
The red ugly thing is heavily wounded.
The red ugly thing tentacle-slaps you!
You are engulfed in flames!!
* * * LOW HITPOINT WARNING * * *
You hit the red ugly thing but do no damage.
The red ugly thing is heavily wounded.
You hit the red ugly thing.
The red ugly thing is heavily wounded.
The red ugly thing tentacle-slaps you.
* * * LOW HITPOINT WARNING * * *
You are engulfed in flames!!
You die...

....#..................#.........
....##...###..###.....##...###...
##'###...###..##########...######
.....#.......................#
.....#.......................#
.....#...........)...........#
.....#.......................#
.....#..........u............#
....##..........@............#
######...###..###....###....#####
###'#########....###....#....
#..........#.....#......#....
#..........#.....#......#....
#..........'.....#......#....
##....##...##...####'##.#....
#######'#########...###..#####'##
.....#.........#....)............


You could see a red ugly thing.

Vanquished Creatures
  Grinder (D:4)
  A wyvern (D:6)
  Menkaure (D:5)
  Duvessa (D:5)
  A sky beast (D:5)
  An ice beast (D:7)
  A phantom (D:5)
  2 ogres
  3 centaurs
  Blork the orc (D:4)
  2 bullfrogs
  Dowan (D:5)
  A water moccasin zombie (D:6)
  3 scorpions
  A howler monkey (D:5)
  A jelly (D:6)
  2 bullfrog skeletons
  2 hounds
  4 orc priests
  An iguana (D:7)
  Ijyb (D:3)
  Terence (D:3)
  9 orc wizards
  6 worker ants
  2 worker ant zombies
  8 adders
  8 gnolls
  2 oozes (D:2)
  An adder zombie (D:5)
  4 dart slugs
  4 leopard geckos
  20 orcs
  3 bats (D:2)
  5 giant cockroaches
  5 goblins
  14 hobgoblins
  5 jackals
  5 quokkas
  3 ball pythons
  4 frilled lizards
  5 kobolds
  2 quokka skeletons
  3 rats (D:2)
151 creatures vanquished.

Notes
Turn   | Place    | Note
-------+----------+-------------------------------------------
     0 | D:1      | Aggronaut the Demonspawn Gladiator began the quest for the
                  | Orb.
     0 | D:1      | Reached XP level 1. HP: 16/16 MP: 1/1
   180 | D:1      | Reached skill level 3 in Maces & Flails
   351 | D:1      | Gained mutation: You are immune to rotting. [demonic
                  | ancestry]
   351 | D:1      | Reached XP level 2. HP: 21/22 MP: 2/2
   925 | D:2      | Reached XP level 3. HP: 24/27 MP: 3/3
  1016 | D:2      | Reached skill level 4 in Maces & Flails
  1501 | D:2      | Reached XP level 4. HP: 31/33 MP: 4/4
  2077 | D:3      | Noticed Terence
  2080 | D:3      | Reached skill level 5 in Maces & Flails
  2109 | D:3      | Killed Terence
  2109 | D:3      | Gained mutation: You are partially covered in slimy green
                  | scales. (AC +2) [demonic ancestry]
  2109 | D:3      | Reached XP level 5. HP: 31/38 MP: 5/5
  2272 | D:3      | Noticed Ijyb
  2301 | D:3      | Killed Ijyb
  2718 | D:4      | Noticed Grinder
  2955 | D:4      | Reached skill level 6 in Maces & Flails
  2959 | D:4      | Paralysed by Grinder for 4 turns
  2971 | D:4      | Paralysed by Grinder for 6 turns
  3011 | D:4      | Killed Grinder
  3011 | D:4      | Reached skill level 7 in Maces & Flails
  3011 | D:4      | Gained mutation: You are slightly more attuned to the
                  | shadows. [demonic ancestry]
  3011 | D:4      | Reached XP level 6. HP: 24/44 MP: 6/6
  3035 | D:4      | Found Lus Xuyn's Jewellery Emporium.
  3222 | D:4      | Noticed Blork the orc
  3263 | D:4      | Killed Blork the orc
  3263 | D:4      | Reached XP level 7. HP: 27/50 MP: 7/7
  3643 | D:5      | Entered Level 5 of the Dungeon
  3950 | D:5      | Reached skill level 8 in Maces & Flails
  4241 | D:5      | Found a staircase to the Ecumenical Temple.
  4305 | Temple   | Entered the Ecumenical Temple
  4423 | Temple   | Became a worshipper of Warmaster Okawaru
  4902 | D:5      | Noticed Duvessa
  4904 | D:5      | Noticed Dowan
  4949 | D:5      | Killed Duvessa
  4961 | D:5      | Reached skill level 9 in Maces & Flails
  4961 | D:5      | Gained mutation: You are mostly covered in slimy green
                  | scales. (AC +3) [demonic ancestry]
  4961 | D:5      | Reached XP level 8. HP: 42/56 MP: 8/8
  4994 | D:5      | Killed Dowan
  5154 | D:5      | Found a shadowy altar of Dithmenos.
  5206 | D:5      | Noticed Menkaure
  5215 | D:5      | Killed Menkaure
  5215 | D:5      | Reached * piety under Okawaru
  5550 | D:6      | Reached skill level 10 in Maces & Flails
  5734 | D:5      | HP: 2/56 [orc priest/divine providence (11)]
  6364 | D:6      | Reached ** piety under Okawaru
  6370 | D:6      | Reached skill level 11 in Maces & Flails
  6662 | D:6      | Reached XP level 9. HP: 60/61 MP: 9/9
  6956 | D:6      | Upgraded the game from 0.25-a0-577-ga4619f409e to
                  | 0.25-a0-578-gc91f01c39c
  7794 | D:7      | Noticed a six-headed hydra
  7795 | D:7      | Noticed a fire dragon
  7795 | D:7      | a six-headed hydra changed into a fire dragon
  7812 | D:7      | Noticed a red ugly thing
  7853 | D:7      | HP: 4/91 [ice beast (2)]
  8765 | D:7      | Mangled by a red ugly thing

Levels and vault maps discovered:
D:1:      giann_horns, layout_basic
D:2:      layout_loops_ring, chequers_jeans, minmay_tiny_reverse_x
D:3:      layout_basic, uniq_ijyb, uniq_terence
D:4:      layout_rooms, first_ration, serial_shops,
          nicolae_shop_window_shopping, uniq_blork_the_orc, uniq_grinder
D:5:      layout_rooms, overflow_temple_1_default, temple_pool_b,
          corexii_leaking_fountain, uniq_menkaure, uniq_duvessa
D:6:      layout_gridville
D:7:      layout_gridville
Temple:   kilobyte_greek_temple

Skill      XL: |  1  2  3  4  5  6  7  8 |
---------------+-------------------------+-----
Maces & Flails | 3 4 5 7 9 11 | 11.9
Fighting       | |  2.0
Throwing       | |  1.7
Dodging        | |  2.6

Action                   |  1- 3 |  4- 6 |  7- 9 || total
-------------------------+-------+-------+-------++-------
Melee: Flail             |    19 |       |       ||    19
       Whip              |   105 |   231 |   644 ||   980
       Unarmed           |       |     7 |       ||     7
Throw: Throwing net      |       |     5 |       ||     5
       Dart              |       |       |     2 ||     2
Evoke: Wand              |       |       |     6 ||     6
  Use: Scroll            |     6 |     2 |     9 ||    17
       Potion            |       |     1 |     8 ||     9
 Stab: Held in net/web   |       |     4 |       ||     4
  Eat: Chunk             |     2 |     6 |    10 ||    18
       Ration            |       |       |     2 ||     2
Armor: Ring mail         |    54 |       |       ||    54
       Ice dragon scales |     8 |    61 |   173 ||   242
       Skin              |       |     1 |       ||     1
Dodge: Dodged            |    71 |    80 |   188 ||   339
Block: Other             |    18 |    25 |    83 ||   126
       Reflection        |       |     3 |     4 ||     7

Table legend:
 A = Non-vault XP
 B = Vault XP
 C = Vault XP percentage of total XP
 D = Non-vault monster count
 E = Vault monster count
 F = Vault count percentage of total count
                 A         B        C        D         E       F
            +---------+---------+-------+---------+---------+-------
      Total |    3061 |     857 |  21.9 |     142 |       9 |   6.0
            +---------+---------+-------+---------+---------+-------
        D:1 |      20 |       0 |   0.0 |      10 |       0 |   0.0
        D:2 |     124 |       3 |   2.4 |      28 |       2 |   6.7
        D:3 |      71 |      72 |  50.3 |      18 |       2 |  10.0
        D:4 |     379 |     394 |  51.0 |      19 |       2 |   9.5
        D:5 |     686 |     388 |  36.1 |      21 |       3 |  12.5
        D:6 |    1163 |       0 |   0.0 |      33 |       0 |   0.0
        D:7 |     618 |       0 |   0.0 |      13 |       0 |   0.0
            +---------+---------+-------+---------+---------+-------
